 Dungeon Crawl Stone Soup version 0.24.0-125-gc4c63601f3 (webtiles) character file.

Game seed: 9918127460571062222, levelgen mode: deterministic

1264 GenChuck the Destroyer (level 8, -10/57 HPs)
             Began as a Black Draconian Conjurer on Mar 18, 2020.
             Was an Initiate of Vehumet.
             Mangled by a wyvern (17 damage)
             ... on level 6 of the Dungeon.
             The game lasted 01:00:21 (8238 turns).

GenChuck the Destroyer (Black Draconian Conjurer)   Turns: 8238, Time: 01:00:22

Health: -10/57     AC:  8    Str: 10    XL:     8   Next: 27%
Magic:  22/34      EV: 12    Int: 19    God:    Vehumet [......]
Gold:   329        SH:  0    Dex: 11    Spells: 13/18 levels left

rFire    + . .     SeeInvis .   u - staff of fire
rCold    . . .     Gourm    .   (no shield)
rNeg     . . .     Faith    .   (armour unavailable)
rPois    .         Spirit   .   k - +1 hat
rElec    +         Reflect  .   r - +0 cloak
rCorr    .         Harm     .   (no gloves)
MR       .....                  (no boots)
Stlth    ++........             (no amulet)
HPRegen  0.19/turn              d - ring of magical power
MPRegen  0.24/turn              o - ring of magical power

@: very slightly contaminated
A: breathe lightning, unfitting armour, electricity resistance, cold-blooded, AC
+6
a: Breathe Lightning, Renounce Religion


You were on level 6 of the Dungeon.
You worshipped Vehumet.
Vehumet was noncommittal.
You were not hungry.

You visited 2 branches of the dungeon, and saw 8 of its levels.

You collected 329 gold pieces.

Inventory:

Hand Weapons
 m - a +0 whip
 s - a +1 dagger of venom
 w - a +1 dagger of venom
Armour
 k - a +1 hat (worn)
 r - a +0 cloak (worn)
 t - a +2 hat
Magical Staves
 u - an uncursed staff of fire (weapon)
Jewellery
 d - a ring of magical power (left hand)
 o - a ring of magical power (right hand)
Wands
 e - a wand of random effects (13)
Scrolls
 g - a scroll of amnesia
 j - 2 scrolls of teleportation
 n - 3 scrolls of enchant weapon
 p - 2 scrolls of immolation
 q - 3 scrolls of blinking
 y - a scroll of identify
 z - a scroll of fear
Potions
 a - 2 potions of flight {unknown}
 c - 4 potions of curing {unknown}
 f - a potion of haste {unknown}
 h - 2 potions of heal wounds
 i - a potion of berserk rage {unknown}
 l - a potion of lignification {unknown}
 v - a potion of degeneration {unknown}
Comestibles
 b - 9 rations


   Skills:
 + Level 2.2 Dodging
 + Level 2.6 Stealth
 * Level 5.6 Spellcasting
 * Level 8.6 Conjurations
 + Level 0.9 Ice Magic


You had 13 spell levels left.
You knew the following spells:

 Your Spells              Type           Power        Failure   Level  Hunger
a - Magic Dart            Conj           ####         1%          1    None
b - Searing Ray           Conj           #####.       1%          2    None
c - Throw Frost           Conj/Ice       ###...       2%          2    None

Your spell library contained the following spells:

 Spells                   Type           Power        Failure   Level  Hunger
 Iskenderun's Mystic Bla  Conj           #####...     3%          4    ####...
 Dazzling Spray           Conj/Hex       ###...       6%          3    ##.....
 Freeze                   Ice            #...         8%          1    None
 Beastly Appendage        Tmut           #.....       12%         1    None
 Throw Icicle             Conj/Ice       ###.....     16%         4    ####...
 Sticks to Snakes         Tmut           #.......     19%         2    None
 Force Lance              Conj/Tloc      ###.....     19%         4    ####...
 Fulminant Prism          Conj/Hex       ###.......   19%         4    ####...
 Ozocubu's Armour         Chrm/Ice       #.......     28%         3    ##.....
 Spider Form              Tmut/Pois      #.........   34%         3    ##.....
 Ice Form                 Ice/Tmut       #.......     67%         4    ####...
 Summon Ice Beast         Ice/Summ       #.......     67%         4    ####...
 Blade Hands              Tmut           #.........   97%         5    #####..


Dungeon Overview and Level Annotations

Branches:
Dungeon (7/15)             Temple (1/1) D:5

Altars:
Ashenzari
Cheibriados
Dithmenos
Elyvilon
Fedhas
Gozag
Hepliaklqana
Kikubaaqudgha
Makhleb
Nemelex Xobeh
Qazlal
Ru
Sif Muna
Trog
Uskayaw
Vehumet
Wu Jian
Xom
Yredelemnul
Zin
The Shining One

Annotations:
D:3 Grinder, Sigmund


Innate Abilities, Weirdness & Mutations

You can breathe wild blasts of lightning.
Your glossy black scales are hard. (AC +6)
You cannot fit into any form of body armour.
You are resistant to electric shocks. (rElec)
You are cold-blooded and may be slowed by cold attacks.


Message History

Aim: a wyvern (heavily wounded)
The searing ray misses the wyvern. (Press . to maintain the ray.)
The wyvern bites you!
The searing ray hits the wyvern!
The wyvern is severely wounded.
The wyvern bites you!
* * * LOW HITPOINT WARNING * * *
The wyvern completely misses you.
You feel much better. The wyvern bites you!
* * * LOW HITPOINT WARNING * * *
Casting: Searing Ray (safe; 1% risk of failure)
Confirm with . or Enter, or press ? or * to list all spells.
Aiming: Searing Ray (safe; 1% risk of failure)
Press: ? - help, Shift-Dir - straight line, f/p - wyvern
Aim: a wyvern (severely wounded)
The searing ray misses the wyvern. (Press . to maintain the ray.)
The wyvern bites you!
You die...

.#.#.....# #..##..#.....##.......
.#.####### #..##..#.....##.......
.#.# #...#..#.....##....... .#.#
#.#.#..#.....##....... .#.#
#.#.#..#.....##.......
.#.#########.#....#.....##.......
.#...........##...########.......
.##############.l.# #.#####'
.#..............@.# #.# #.
.#.##############.# #.#####.
.#.#..............# #.......
)#.#.############## #.......
)#.#.# #################.......
.#.#.#####.......................
.#.#.)[).#.###...................
.#.#..##.#.#.#.############.....#
...#..##.#.#.........##......####


You could see a wyvern.

Vanquished Creatures
  A phantom (D:5)
  A big kobold (D:3)
  2 bullfrogs (D:6)
  A scorpion (D:5)
  A howler monkey (D:6)
  2 hounds
  2 bullfrog skeletons
  7 orc priests
  9 orc wizards
  3 worker ants
  A killer bee zombie (D:5)
  6 adders
  A shadow imp (D:6)
  An adder skeleton (D:4)
  3 worms
  3 dart slugs
  2 leopard geckos
  31 orcs
  7 giant cockroaches
  11 goblins
  12 hobgoblins
  7 jackals
  A quokka (D:2)
  A ball python (D:3)
  9 bats
  6 frilled lizards
  A jackal zombie (D:5)
  8 kobolds
  A quokka skeleton (D:5)
  11 rats
152 creatures vanquished.

Notes
Turn   | Place    | Note
-------+----------+-------------------------------------------
     0 | D:1      | GenChuck the Draconian Conjurer began the quest for the
                  | Orb.
     0 | D:1      | Reached XP level 1. HP: 14/14 MP: 3/3
   496 | D:1      | Reached XP level 2. HP: 20/20 MP: 5/5
   842 | D:1      | Reached XP level 3. HP: 20/26 MP: 6/6
  1042 | D:1      | Learned a level 2 spell: Searing Ray
  1530 | D:2      | Reached skill level 5 in Conjurations
  2551 | D:2      | Reached XP level 4. HP: 33/33 MP: 7/7
  3005 | D:3      | Reached XP level 5. HP: 29/38 MP: 9/9
  3140 | D:3      | Noticed Grinder
  3461 | D:3      | Reached skill level 6 in Conjurations
  3619 | D:3      | Found a faded altar of an unknown god.
  3630 | D:3      | Reached XP level 6. HP: 45/45 MP: 11/11
  3693 | D:3      | Paralysed by Grinder for 5 turns
  3900 | D:3      | Noticed Sigmund
  5282 | D:5      | Entered Level 5 of the Dungeon
  5294 | D:5      | Reached skill level 7 in Conjurations
  5313 | D:4      | Learned a level 2 spell: Throw Frost
  5326 | D:5      | Your scales start taking on a glossy black colour.
  5326 | D:5      | Reached XP level 7. HP: 50/50 MP: 13/13
  5326 | D:5      | Gained mutation: You are resistant to electric shocks.
                  | (rElec) [Black Draconian growth]
  5943 | D:5      | Reached skill level 5 in Spellcasting
  6018 | D:5      | Found a staircase to the Ecumenical Temple.
  6030 | Temple   | Entered the Ecumenical Temple
  6088 | Temple   | Became a worshipper of Vehumet
  7270 | D:6      | Reached skill level 8 in Conjurations
  7418 | D:6      | Reached XP level 8. HP: 53/57 MP: 15/15
  8238 | D:6      | Mangled by a wyvern

Levels and vault maps discovered:
D:1:      dpeg_arrival_yet_another_circle, layout_basic, kennysheep_crisscross,
          minmay_pentomino_u4
D:2:      layout_basic, minmay_diced_spiral
D:3:      layout_basic, chequers_ecumenical_altar_island,
          kennysheep_generic_room_4, uniq_sigmund, uniq_grinder
D:4:      layout_gridville, first_ration
D:5:      layout_layer_cave, minmay_temple_entry_junction
D:6:      layout_basic, serial_park_tiny_2
D:7:      layout_gridville, basic_altar
Temple:   compressed_dpeg_circular_temple

Skill      XL: |  1  2  3  4  5  6  7 |
---------------+----------------------+-----
Conjurations   | 5 6 7 8 |  8.6
Spellcasting   | 3 4 5 |  5.6
Stealth        | 2 |  2.6
Dodging        | 2 |  2.2
Ice Magic      | |  0.9

Action                   |  1- 3 |  4- 6 |  7- 9 || total
-------------------------+-------+-------+-------++-------
Melee: Unarmed           |    15 |       |       ||    15
       Tailslap          |     1 |     1 |       ||     2
       Dagger            |       |     6 |       ||     6
 Cast: Magic Dart        |   100 |    75 |    60 ||   235
       Searing Ray       |     3 |    20 |    16 ||    39
       Throw Frost       |       |       |    51 ||    51
  Use: Scroll            |       |     8 |     3 ||    11
       Potion            |       |       |     1 ||     1
  Eat: Chunk             |     6 |     3 |     6 ||    15
       Ration            |     1 |     1 |     1 ||     3
Armor: Skin              |     8 |    10 |    11 ||    29
Dodge: Dodged            |    20 |    25 |    16 ||    61
